[Event "*** Titled Tuesday Blitz"]
[Site "Chess.com"]
[Date "2018.12.04"]
[Round "7"]
[White "kacprekt"]
[Black "toog"]
[Result "0-1"]
[WhiteElo "2383"]
[BlackElo "2223"]
[TimeControl "180+2"]
[EndTime "14:37:19 PST"]
[Termination "toog won by resignation"]

1. d4 Nf6 2. c4 g6 3. Nc3 Bg7 4. e4 d6 5. Be2 O-O 6. Nf3 e5 7. O-O Nc6 8. d5 Ne7 9. b4 a5 10. bxa5 Rxa5 11. Nd2 c5 12. dxc6 bxc6 13. Nb3 Ra8 14.
a4 d5 15. cxd5 cxd5 16. exd5 Nexd5 17. Nxd5 Nxd5 18. Bf3 Be6 19. Bb2 Rb8 20. Rb1 Nf4 21.
Nc5 Ba2 22. Qxd8 Rfxd8 23. Nb7 Bxb1 24. Rxb1 Rd7 25. Ba3 e4 26. Bxe4 Ne2+ 27. Kf1 Nc3 28. Re1 Nxe4 29. Rxe4 Rdxb7 30. g4 Bf8 31. Bxf8 Kxf8 32.
a5 Ra8 33. Ra4 Rba7 34. Kg2 Rxa5 35. Re4 Ra4 36. Re3 Rxg4+ 0-1

[Event "*** Titled Tuesday Blitz"]
[Site "Chess.com"]
[Date "2018.12.04"]
[Round "7"]
[White "Jbd735"]
[Black "champ2005"]
[Result "0-1"]
[WhiteElo "2510"]
[BlackElo "2678"]
[TimeControl "180+2"]
[EndTime "14:37:28 PST"]
[Termination "champ2005 won on time"]

1. e4 c6 2. d4 d5 3. e5 Bf5 4. h4 h6 5. g4 Be4 6. f3 Bh7 7.
e6 Qd6 8. exf7+ Kxf7 9. Ne2 e5 10. dxe5 Qxe5 11. Nc3 Bd6 12. Bf4 Qe7 13. Qd2 Nd7 14.
O-O-O Ngf6 15. g5 Nh5 16. Bxd6 Qxd6 17. Bh3 Ne5 18. Rhg1 Rhe8 19. Nd4 Nc4 20. Qf2 Nf4 21.
Bf5 g6 22. gxh6 Qf8 23. Qg3 Qxh6 24. Kb1 gxf5 25. Qh2 Rg8 26. Rge1 Rae8 27. Nde2 Nxe2 28. Nxe2 Qd6 29. Qh3 f4 30. Nd4 Ne3 31. Rd2 c5 32. Nb5 Qe5 0-1

[Event "*** Titled Tuesday Blitz"]
[Site "Chess.com"]
[Date "2018.12.04"]
[Round "7"]
[White "nitpicker"]
[Black "colegiodemadrid"]
[Result "0-1"]
[WhiteElo "2178"]
[BlackElo "2293"]
[TimeControl "180+2"]
[EndTime "14:37:29 PST"]
[Termination "colegiodemadrid won on time"]

1. d4 d5 2. c4 e6 3. Nf3 Nf6 4. g3 dxc4 5. Bg2 Be7 6. O-O a6 7.
Ne5 O-O 8. Nc3 Nd5 9. Nxc4 c5 10. Nxd5 exd5 11. Ne3 cxd4 12. Nxd5 Nc6 13. b3 Bc5 14. Bb2 Qd6 15. Rc1 Ba7 16. e3 Rd8 17. exd4 Be6 18. Nf4 Bf5 19. Re1 g5 20. Nh5 Nb4 21. d5 Nd3 22. Bf6 Nxf2 23. Qe2 Bg4 24. Bf3 Bxh5 25. Bxd8 Nd3+ 26. Kg2 Bxf3+ 27. Qxf3 Nxe1+ 28. Rxe1 Rxd8 29. Qf5 Qxd5+ 0-1

[Event "*** Titled Tuesday Blitz"]
[Site "Chess.com"]
[Date "2018.12.04"]
[Round "7"]
[White "gmjlh"]
[Black "gkchesstiger"]
[Result "0-1"]
[WhiteElo "2697"]
[BlackElo "2806"]
[TimeControl "180+2"]
[EndTime "14:37:31 PST"]
[Termination "gkchesstiger won on time"]

1. Nf3 Nf6 2. g3 d5 3. Bg2 c6 4. O-O Bg4 5. h3 Bxf3 6. Bxf3 e5 7. Bg2 Nbd7 8. d3 Bc5 9. e3 O-O 10. a3 a5 11. b3 Re8 12. Nd2 Qe7 13. Bb2 Rad8 14.
Qe2 Nf8 15. Kh1 Ng6 16. e4 h5 17. c3 Qd7 18. b4 Bb6 19. Rad1 axb4 20. axb4 Qe6 21.
exd5 cxd5 22. c4 dxc4 23. dxc4 Bd4 24. Bxd4 Rxd4 25. Nf3 Rxc4 26. Ng5 Qc8 27. b5 e4 28. Qd2 Qf5 29. h4 Ne5 30. Rfe1 g6 31. Kg1 Neg4 32.
Re2 Qxb5 33. Rde1 e3 34. fxe3 Qe5 35. e4 Qxg3 36. Nf3 Rcxe4 37. Rxe4 Nxe4 38. Qd4 Nh2 0-1

[Event "*** Titled Tuesday Blitz"]
[Site "Chess.com"]
[Date "2018.12.04"]
[Round "7"]
[White "SerGo055"]
[Black "ChristopherYoo"]
[Result "1-0"]
[WhiteElo "2455"]
[BlackElo "2409"]
[TimeControl "180+2"]
[EndTime "14:37:32 PST"]
[Termination "SerGo055 won by resignation"]

1. d4 Nf6 2. Nf3 g6 3. c4 Bg7 4.
Nc3 d5 5. e3 O-O 6. Qb3 c6 7.
Bd2 a6 8. a4 e6 9. Bd3 Nbd7 10.
O-O b6 11. cxd5 cxd5 12. Rfc1 Bb7 13. Ne2 Re8 14. Bb4 Ne4 15. Nf4 Bf8 16. Bxf8 Rxf8 17. Ne5 Nxe5 18. dxe5 Nc5 19. Qd1 a5 20.
Bb5 Qe7 21. Ne2 f6 22. exf6 Qxf6 23. f4 e5 24. Ra3 Rad8 25. fxe5 Qf2+ 26. Kh1 d4 27. Qg1 dxe3 28. Qxf2 Rxf2 29. Rg1 Rd2 30. Rxe3 Rxb2 31. e6 Kf8 32. e7+ 1-0

[Event "*** Titled Tuesday Blitz"]
[Site "Chess.com"]
[Date "2018.12.04"]
[Round "7"]
[White "ChessQueen"]
[Black "Yeytruyol"]
[Result "1-0"]
[WhiteElo "2557"]
[BlackElo "2455"]
[TimeControl "180+2"]
[EndTime "14:37:34 PST"]
[Termination "ChessQueen won by resignation"]

1. e4 d6 2. d4 Nf6 3. Nc3 g6 4. Be3 Nbd7 5. Qd2 h5 6. h3 b6 7. Nf3 Bb7 8. Ng5 Bg7 9. Bc4 O-O 10. O-O-O c5 11. f4 Nh7 12. Nxh7 Kxh7 13. g4 h4 14. Qf2 e6 15. g5 Kg8 16. Qxh4 b5 17. Bxb5 Rb8 18.
dxc5 Bxe4 19. Nxe4 Rxb5 20. Bd4 e5 21. fxe5 dxe5 22.
Bc3 Qc7 23. Nf6+ Nxf6 24. gxf6 Bh8 25. Rhf1 Rxc5 26. Qg3 Rc8 27. h4 Rxc3 28. Qxc3 Qb8 29. Qb3 Qc7 30. h5 g5 31. Rd2 Qc6 32. Qf3 Qxf3 33.
Rxf3 Rc6 34. Rd8+ Kh7 35. Rf8 g4 36. Rf5 Bxf6 37. Rxf7+ Bg7 38. Rg5 1-0

[Event "*** Titled Tuesday Blitz"]
[Site "Chess.com"]
[Date "2018.12.04"]
[Round "7"]
[White "FearNoEvil12"]
[Black "anesar92"]
[Result "1-0"]
[WhiteElo "1988"]
[BlackElo "2631"]
[TimeControl "180+2"]
[EndTime "14:37:34 PST"]
[Termination "FearNoEvil12 won by resignation"]

1. e4 e5 2. d4 exd4 3. Bc4 Nc6 4. Nf3 Nf6 5. e5 d5 6. Bb5 Ne4 7. Nxd4 Bc5 8. O-O Bd7 9. Bxc6 bxc6 10. f3 Ng5 11. f4 Ne4 12. Nc3 Nxc3 13. bxc3 O-O 14. Be3 Bb6 15. Qd2 Qe7 16. Rae1 Rae8 17. Kh1 a5 18. h3 c5 19. Nf3 Bc6 20. Qf2 Rd8 21. f5 d4 22. Bg5 Qd7 23. f6 g6 24. Qh4 h5 25. Bh6 Kh7 26. Bg7 Rh8 27. Ng5+ Kg8 28. e6 fxe6 29. Bxh8 Qd5 30. Re2 Kxh8 31. Nf7+ Kh7 32. Qf4 g5 33. Nxg5+ Kg6 34. Nxe6 Rg8 35. f7 1-0

[Event "*** Titled Tuesday Blitz"]
[Site "Chess.com"]
[Date "2018.12.04"]
[Round "7"]
[White "jmduque"]
[Black "pedroholly22"]
[Result "1-0"]
[WhiteElo "2406"]
[BlackElo "2206"]
[TimeControl "180+2"]
[EndTime "14:37:36 PST"]
[Termination "jmduque won by checkmate"]

1. e4 c5 2. Nf3 d6 3. d4 cxd4 4. Nxd4 Nf6 5. Nc3 g6 6. Be3 Bg7 7. f3 Nc6 8. Qd2 O-O 9. O-O-O d5 10. Kb1 Rb8 11. Ndb5 a6 12. Na7 Bd7 13. exd5 Nxa7 14. Bxa7 Rc8 15. Bd4 b5 16. a3 Qc7 17.
g4 a5 18. g5 Nh5 19. Bxg7 Nxg7 20. Bxb5 Bxb5 21. Nxb5 Qb7 22. a4 Rc4 23. b3 Rb4 24. h4 Nh5 25. Ka2 Ra8 26. Rde1 Rxb5 27. axb5 a4 28. b4 Ng3 29. Rhg1 Nf5 30. Rg4 Qxb5 31. c4 Qd7 32. Rge4 Rc8 33. h5 e6 34. hxg6 hxg6 35. Qe2 Ng3 36. dxe6 fxe6 37. Qd1 Qxd1 38. Rxd1 Nxe4 39.
fxe4 Rxc4 40. Ka3 Rxe4 41. b5 Re5 42. Kxa4 Rxg5 43. b6 Rg2 44. b7 Rb2 45. Rd8+ Kf7 46.
b8=Q Rxb8 47. Rxb8 Kf6 48. Kb3 Kf5 49. Kc2 g5 50. Kd2 Kf4 51. Ke2 g4 52. Kf2 e5 53. Rf8+ Ke4 54. Kg3 Kd3 55. Kxg4 e4 56. Rd8+ Ke2 57. Kf4 e3 58. Re8 Kf2 59. Rxe3 Kg1 60.
Ra3 Kh2 61. Rg3 Kh1 62. Rg8 Kh2 63. Kf3 Kh3 64. Rh8# 1-0

[Event "*** Titled Tuesday Blitz"]
[Site "Chess.com"]
[Date "2018.12.04"]
[Round "7"]
[White "iaraldinho"]
[Black "Berardino"]
[Result "1/2-1/2"]
[WhiteElo "2503"]
[BlackElo "2424"]
[TimeControl "180+2"]
[EndTime "14:37:41 PST"]
[Termination "Game drawn by repetition"]

1. e4 c5 2. Nf3 b6 3. d4 cxd4 4. Nxd4 Bb7 5. Nc3 Nf6 6. Bd3 Nc6 7. Nxc6 Bxc6 8. O-O e6 9. Bg5 Qc7 10. h3 Bd6 11.
Qe2 Bh2+ 12. Kh1 Be5 13. f4 Bxc3 14. bxc3 h6 15. Bh4 O-O 16. Bxf6 gxf6 17. Qh5 Kh7 18. Rf3 d6 19. Rg3 Rg8 20. e5+ f5 21. exd6 Qd7 22. Rxg8 Rxg8 23. Rg1 Rg6 24. Qd1 Kg8 25. Be2 Rg3 26.
Bf3 Bxf3 27. gxf3 Rxg1+ 28. Qxg1+ Kf8 29. Qd4 Kg8 30. Kg2 Kh7 31. c4 Kg6 32. a4 f6 33.
a5 Qa4 34. Qd2 Qd7 35. axb6 axb6 36. Qb4 Qc6 37. Qd2 Qd7 38. Kg3 Kf7 39. Qd4 Kg6 40.
Qxb6 Qa4 41. Qd8 Kg7 42. Qe7+ Kg6 43. d7 Qa1 44. Qe8+ Kg7 45. Qe7+ Kg6 46. Qe8+ Kg7 47.
Qe7+ Kg6 48. Qe8+ 1/2-1/2

[Event "*** Titled Tuesday Blitz"]
[Site "Chess.com"]
[Date "2018.12.04"]
[Round "7"]
[White "HanSchut"]
[Black "AsaHoffmann"]
[Result "0-1"]
[WhiteElo "2312"]
[BlackElo "2196"]
[TimeControl "180+2"]
[EndTime "14:37:42 PST"]
[Termination "AsaHoffmann won by resignation"]

1. e4 d6 2. d4 Nf6 3. Nc3 c6 4.
f4 Qa5 5. Bd3 e5 6. Nf3 exd4 7.
Nxd4 Qb6 8. Nf3 Be7 9. Qe2 O-O 10. Bd2 Na6 11. O-O-O Nb4 12. Be3 Nxd3+ 13. Qxd3 Qa5 14. Bd2 Qc7 15. h3 b5 16. g4 b4 17. Ne2 a5 18.
Ned4 Ba6 19. Qe3 Rfe8 20. Nf5 Bf8 21. Ng5 h6 22. h4 Nxg4 23. Qg3 h5 24. Ne3 Qd7 25.
f5 Ne5 26. Rdg1 f6 27. Ne6 Rxe6 28. fxe6 Qxe6 29. b3 a4 30. Nf5 Ra7 31. Bh6 Ng4 32.
Bf4 Qxe4 33. Nxd6 Bxd6 34. Bxd6 axb3 35. Qxb3+ Bc4 36. Qxb4 Rxa2 37. Qc3 Qe3+ 38. Qxe3 Nxe3 39. Rh2 Bd5 40. Bf4 Nf5 41. Kb1 Ra4 42. Bd2 Kf7 43.
Kb2 Nxh4 44. Re2 Nf3 45. Rge1 Nxe1 46. Bxe1 Re4 47. Rxe4 Bxe4 0-1

[Event "*** Titled Tuesday Blitz"]
[Site "Chess.com"]
[Date "2018.12.04"]
[Round "7"]
[White "bascheyaro"]
[Black "ckgchess"]
[Result "0-1"]
[WhiteElo "2769"]
[BlackElo "2610"]
[TimeControl "180+2"]
[EndTime "14:37:55 PST"]
[Termination "ckgchess won by resignation"]

1. d4 Nf6 2. c4 e6 3. Nf3 b6 4. g3 Ba6 5. b3 b5 6. Bg2 bxc4 7. Ne5 Bb4+ 8. Bd2 cxb3 9. axb3 Bxd2+ 10. Nxd2 d5 11. O-O O-O 12. Re1 Nfd7 13. Nef3 c5 14.
e4 dxe4 15. Nxe4 cxd4 16. Nxd4 Nb6 17. Nc5 Bc8 18. Bxa8 Nxa8 19. Rxa7 Nb6 20. Nc2 Nd5 21. Ra1 Nd7 22. Nxd7 Qxd7 23. Ne3 Bb7 24. Nxd5 Bxd5 25. b4 Rb8 26. Qd4 Qb7 27. Ra7 Qxb4 28. Qxb4 Rxb4 29. h3 h5 30. Rc7 h4 31. gxh4 Rxh4 32. Kh2 Rf4 33.
Re2 Rf3 34. Rb2 g6 35. Rc1 Kg7 36. Rg1 Rc3 37. Re2 f5 38. Re3 Rc2 39. Kg3 g5 40. f4 gxf4+ 41. Kxf4+ Kf6 42. Rge1 Rc4+ 43. Kg3 f4+ 0-1

[Event "*** Titled Tuesday Blitz"]
[Site "Chess.com"]
[Date "2018.12.04"]
[Round "7"]
[White "Muguet7"]
[Black "theblitzchamp"]
[Result "0-1"]
[WhiteElo "2450"]
[BlackElo "2699"]
[TimeControl "180+2"]
[EndTime "14:37:56 PST"]
[Termination "theblitzchamp won by resignation"]

1. d4 Nf6 2. c4 d6 3. Nf3 g6 4. Nc3 Bg7 5. e4 O-O 6. Be2 e5 7. Be3 Nc6 8. O-O Ne8 9. dxe5 Nxe5 10. Nxe5 Bxe5 11. f4 Bg7 12. Bf3 a6 13. c5 Bd7 14.
Qd2 Bc6 15. Rad1 Qc8 16. Nd5 Bxd5 17. exd5 Qd7 18. Bd4 dxc5 19. Bxc5 Nd6 20. Rfe1 Rfe8 21.
h3 h5 22. Bd4 Rxe1+ 23. Rxe1 Re8 24. Bxg7 Kxg7 25. Qc3+ Kg8 26. Rc1 Qf5 27. Qd4 Re7 28. b4 Nb5 29. Qd2 Qf6 30. a4 Nd4 31. Bd1 Nf5 32.
Bf3 Ne3 33. Re1 Qxf4 34. b5 Nxd5 35. Qxf4 Rxe1+ 36. Kf2 Nxf4 37. Kxe1 axb5 38. axb5 b6 39. Kd2 Kf8 40. Ke3 Ne6 41. Bc6 Ke7 42. Ke4 f6 43. Ke3 g5 44. g3 Kd6 45. h4 gxh4 46. gxh4 Ke5 47. Be8 Ng7 48. Bg6 Nf5+ 49. Kd3 Nxh4 50. Bxh5 Nf5 51. Bg4 Nd6 52. Bd7 f5 53. Ke3 f4+ 54.
Kf3 Ne4 55. Bc6 Ng5+ 56. Kg4 Ne6 57. Bd7 Nd4 58. Be8 Ke4 0-1

[Event "*** Titled Tuesday Blitz"]
[Site "Chess.com"]
[Date "2018.12.04"]
[Round "7"]
[White "GadimbayliA"]
[Black "gmcorrales"]
[Result "1-0"]
[WhiteElo "2699"]
[BlackElo "2790"]
[TimeControl "180+2"]
[EndTime "14:38:04 PST"]
[Termination "GadimbayliA won by resignation"]

1. e4 c5 2. Nf3 d6 3. d4 cxd4 4. Nxd4 Nf6 5. Nc3 g6 6. Be3 Bg7 7. Qd2 O-O 8. f3 Nc6 9. O-O-O d5 10. exd5 Nxd5 11. Nxc6 bxc6 12. Bd4 Bxd4 13. Qxd4 Qb6 14.
Na4 Qa5 15. b3 Qc7 16. Bc4 Rd8 17. Nc5 Bf5 18. g4 Nb6 19. Qc3 Qf4+ 20. Kb2 Nxc4+ 21. Qxc4 Qxc4 22. bxc4 Be6 23. Kc3 Kg7 24. Rxd8 Rxd8 25.
Rb1 h5 26. g5 Bf5 27. f4 h4 28. a4 a5 29. Nd3 h3 30. Rb7 Kf8 31. Rb6 Rd6 32.
Ra6 Re6 33. Kd2 f6 34. Rxa5 Bg4 35. Ra8+ Kf7 36. gxf6 Re2+ 37. Kc3 exf6 38. a5 Ke6 39. Re8+ Kd6 40. Rxe2 Bxe2 41. Nf2 Bf1 42. Ne4+ Kc7 43. Nxf6 Kb7 44. Kb4 Ka6 45. Ne4 Bg2 46. Nc5+ Ka7 47.
Nb3 Be4 48. c3 Bc2 49. Nd4 Be4 50. Kc5 Ka6 51. Nxc6 Bg2 52. Kd6 Bf1 53. c5 Bg2 54.
Ne7 Kxa5 55. c6 1-0

[Event "*** Titled Tuesday Blitz"]
[Site "Chess.com"]
[Date "2018.12.04"]
[Round "7"]
[White "cool4chess"]
[Black "Mikhail_Golubev"]
[Result "0-1"]
[WhiteElo "2251"]
[BlackElo "2463"]
[TimeControl "180+2"]
[EndTime "14:38:04 PST"]
[Termination "Mikhail_Golubev won by checkmate"]

1. e4 c5 2. Nf3 d6 3. d4 cxd4 4.
Nxd4 Nf6 5. Nc3 g6 6. Be3 Bg7 7.
f3 a6 8. Qd2 h5 9. O-O-O Nbd7 10.
Kb1 b5 11. Nd5 Bb7 12. Nb3 Nxd5 13. exd5 Nf6 14. Bd4 O-O 15. Na5 Bxd5 16. Bxf6 Bxf6 17. Qxd5 Qxa5 18. Bd3 Qb4 19. Qb3 Qxb3 20. axb3 d5 21.
Rhf1 e6 22. f4 Rfb8 23. Rf3 a5 24. h3 h4 25. g4 hxg3 26. Rxg3 a4 27. f5 a3 28. c3 axb2 29. fxe6 Ra1+ 30. Kc2 Rc8 31.
exf7+ Kf8 32. Bxg6 Bxc3 33. Rxc3 Rxc3+ 34. Kxc3 Rxd1 35.
Kxb2 Rg1 36. Bd3 b4 37. h4 Rg2+ 38. Kc1 Kxf7 39. h5 Rh2 40. Bg6+ Ke6 41. Kb1 Ke5 42.
Kc1 Kd4 43. Bf7 Rf2 44. Bg6 Kc3 45. Kd1 Rh2 46. Bf7 d4 47. Ke1 d3 48. Kd1 Rh1# 0-1

[Event "*** Titled Tuesday Blitz"]
[Site "Chess.com"]
[Date "2018.12.04"]
[Round "7"]
[White "GABUZYAN_CHESSMOOD"]
[Black "vugarrasulov"]
[Result "0-1"]
[WhiteElo "2806"]
[BlackElo "2806"]
[TimeControl "180+2"]
[EndTime "14:38:05 PST"]
[Termination "vugarrasulov won by resignation"]

1. Nf3 Nf6 2. g3 g6 3. Bg2 Bg7 4. O-O O-O 5. c4 d5 6. cxd5 Nxd5 7. Nc3 Nb6 8. d4 Nc6 9. e3 Re8 10. Nh4 e5 11. d5 Na5 12. Qc2 c6 13. Rd1 Bg4 14. f3 Bd7 15. dxc6 Nxc6 16. Bh3 Nd4 17. Qg2 Ne6 18. Qf1 Qe7 19. Ng2 Bc6 20. Ne1 Rad8 21. Rxd8 Rxd8 22. Bxe6 Qxe6 23. e4 Qc4 24. Nc2 Qxf1+ 25.
Kxf1 Na4 26. Nxa4 Bxa4 27. Ne3 Bf8 28. Nd5 f5 29. Be3 a6 30. Rc1 Bc6 31. Bb6 Rc8 32. Ke1 Kf7 33. a3 Ke6 34. Nc7+ Kf7 35. Nd5 Bd6 36. Rd1 Ke6 37. Rd2 h5 38. Nc3 Be8 39. Be3 Bxa3 40. exf5+ gxf5 41. f4 Bb4 42. fxe5 Rxc3 43.
bxc3 Bxc3 44. Bd4 Bxd2+ 45. Kxd2 Kd5 46. Bc3 b5 47. Kc2 Kc4 48. e6 b4 49. Bd2 a5 50.
e7 a4 51. Kb2 a3+ 52. Ka1 b3 53. Bc1 b2+ 54. Bxb2 axb2+ 55. Kxb2 Kd5 56. Kb3 Ke6 57. Kc4 Kxe7 58. Kd4 Kf6 59. Ke3 Kg5 60. Kf3 Bc6+ 61. Ke3 Kg4 62. Kf2 Kh3 63. Kg1 Be4 64. g4 0-1

[Event "*** Titled Tuesday Blitz"]
[Site "Chess.com"]
[Date "2018.12.04"]
[Round "7"]
[White "ShadowJolteon"]
[Black "Atanejhad"]
[Result "1-0"]
[WhiteElo "2415"]
[BlackElo "2276"]
[TimeControl "180+2"]
[EndTime "14:38:05 PST"]
[Termination "ShadowJolteon won on time"]

1. d4 Nf6 2. c4 g6 3. Nc3 Bg7 4. e4 d6 5. f3 O-O 6. Be3 Nbd7 7. Nge2 c6 8. Qd2 a6 9. g4 b5 10. h4 e5 11. d5 cxd5 12. cxd5 h5 13. g5 Nh7 14.
Ng3 Nc5 15. b4 Na4 16. Nxa4 bxa4 17. Rc1 Bd7 18. Bd3 Kh8 19. O-O f6 20. Kg2 Bb5 21.
Bxb5 axb5 22. Rc6 fxg5 23. hxg5 Rf7 24. Rfc1 Bf8 25. Ne2 Be7 26. Rc7 Kg8 27. f4 Qf8 28. fxe5 Nxg5 29. Nd4 Nxe4 30. Qe2 dxe5 31. Ne6 Qe8 32. Qc2 Nf6 33. Qxg6+ Kh8 34. Bh6 Qg8 35. Rc8 Rxc8 36. Rxc8 Ne8 37. Rxe8 Qxe8 38. Bg7+ 1-0

[Event "*** Titled Tuesday Blitz"]
[Site "Chess.com"]
[Date "2018.12.04"]
[Round "7"]
[White "VerdeNotte"]
[Black "rasmussvane"]
[Result "1-0"]
[WhiteElo "2846"]
[BlackElo "2698"]
[TimeControl "180+2"]
[EndTime "14:38:12 PST"]
[Termination "VerdeNotte won by resignation"]

1. g3 d5 2. Bg2 e5 3. d3 Nf6 4. Nf3 Bd6 5. O-O O-O 6. e3 c6 7. b3 Re8 8. Bb2 a5 9. a3 Nbd7 10.
Nbd2 Nf8 11. h3 h6 12. c4 Bf5 13. e4 dxe4 14. Nh4 Bh7 15. Nxe4 Nxe4 16. dxe4 Bc5 17. Nf5 Bxf5 18. exf5 Qg5 19. Qg4 Qxg4 20. hxg4 Nh7 21. Rfe1 Nf6 22. Bf3 Bd4 23. Bxd4 exd4 24. Rxe8+ Rxe8 25. Rd1 c5 26. Kf1 b6 27. Re1 Kf8 28. Bd1 Ne4 29. f3 Nxg3+ 30. Kf2 Rxe1 31. Kxe1 h5 32. Kf2 h4 33. Kg2 d3 34. Kf2 Ke7 35. f4 Ne4+ 36. Ke3 h3 37. Bf3 d2 38. Ke2 Ng3+ 39. Kxd2 h2 40. Ke3 Nf1+ 41. Ke2 Ng3+ 42. Kf2 h1=Q 43. Bxh1 Nxh1+ 44. Kg2 f6 45. Kxh1 Kf7 46. Kg2 Kg8 47.
Kf3 Kf7 48. Ke4 Ke7 49. Kd5 Kd7 50. a4 1-0

[Event "*** Titled Tuesday Blitz"]
[Site "Chess.com"]
[Date "2018.12.04"]
[Round "7"]
[White "sandager"]
[Black "artichaud"]
[Result "0-1"]
[WhiteElo "1963"]
[BlackElo "2138"]
[TimeControl "180+2"]
[EndTime "14:38:12 PST"]
[Termination "artichaud won on time"]

1. d4 e6 2. Nf3 Nf6 3. g3 b6 4.
Bg2 Bb7 5. O-O c5 6. c4 cxd4 7. Qxd4 d6 8. Nc3 a6 9. Qd3 Nbd7 10. Bf4 Qc7 11. Rfd1 Ne5 12. Nxe5 Bxg2 13. Nxf7 Kxf7 14. Kxg2 Rd8 15. Ne4 Qc6 16. f3 Nxe4 17. fxe4 Be7 18. Rf1 Kg8 19. Rad1 h5 20. h4 Rh7 21. Kh2 g6 22. e5 dxe5 23. Qxg6+ Rg7 24. Rxd8+ Bxd8 25. Qxh5 exf4 26. Rxf4 Bc7 27. Rg4 Rxg4 28. Qxg4+ Kf7 29. Qh5+ Ke7 30. Qh7+ Kd8 31. Qh8+ Kd7 32. Qd4+ Kc8 33. h5 Qe8 34. Qe4 Qxh5+ 35. Kg2 Qf5 36. Qc6 Qe5 37. Qf3 Qxb2 0-1

[Event "*** Titled Tuesday Blitz"]
[Site "Chess.com"]
[Date "2018.12.04"]
[Round "7"]
[White "SanchezKelvin"]
[Black "cherryandmint"]
[Result "1-0"]
[WhiteElo "2504"]
[BlackElo "2682"]
[TimeControl "180+2"]
[EndTime "14:38:17 PST"]
[Termination "SanchezKelvin won by resignation"]

1. d4 Nf6 2. Nf3 d5 3. c4 e6 4. Nc3 Be7 5. Bg5 h6 6. Bh4 O-O 7. e3 b6 8. Qc2 Bb7 9. Rg1 Ne4 10.
Bxe7 Qxe7 11. O-O-O Nd7 12. Kb1 c5 13. g4 Rac8 14.
g5 Nxg5 15. Nxg5 hxg5 16. f4 cxd4 17. Rxd4 gxf4 18. Rxf4 f5 19. cxd5 Bxd5 20. Ba6 Rc5 21. b4 Be4 22. Rxe4 Rxc3 23. Qxc3 fxe4 24. Bc4 Rf2 25. Bxe6+ Kf8 26. Qc8+ Qe8 27. Bxd7 Qxc8 28. Bxc8 Rxh2 29. Bf5 Re2 30. Rg3 Re1+ 31. Kb2 Re2+ 32.
Kb3 Ke7 33. Bxe4 g5 34. Bd3 Re1 35. Rxg5 Rxe3 36. Kc3 Kd6 37. Rg6+ Kc7 38. a4 Rh3 39. Rg7+ Kb8 40. Kd4 Rh5 41. Be4 1-0

[Event "*** Titled Tuesday Blitz"]
[Site "Chess.com"]
[Date "2018.12.04"]
[Round "7"]
[White "Koksik_13"]
[Black "M1711"]
[Result "0-1"]
[WhiteElo "2715"]
[BlackElo "2501"]
[TimeControl "180+2"]
[EndTime "14:38:19 PST"]
[Termination "M1711 won on time"]

1. Nf3 c5 2. g3 Nc6 3. Bg2 g6 4. O-O Bg7 5. c3 Nf6 6. d4 cxd4 7. cxd4 d5 8. Nc3 O-O 9. Ne5 e6 10. Nxc6 bxc6 11. e4 dxe4 12. Nxe4 Nxe4 13. Bxe4 Qxd4 14. Bxc6 Rb8 15. Qxd4 Bxd4 16. Rb1 Ba6 17. Rd1 Be5 18.
Bf4 Bxf4 19. gxf4 Rfc8 20. Bd7 Rc2 21. b4 Be2 22. Re1 Bf3 23. a4 Rd2 24. Re3 Rxb4 25.
Rc1 Rxf4 26. Bb5 Bd5 27. Rf1 h5 28. h3 Rh4 29. Kh2 Rb2 30. Kg3 Rd4 31. Rc1 h4+ 32. Kh2 Rxf2+ 33. Kg1 Rg2+ 34. Kf1 Rf4+ 35. Ke1 Rg1+ 36.
Kd2 Rf2+ 37. Be2 Rxc1 38. Kxc1 Rf4 39. a5 Re4 40. Rxe4 Bxe4 41. Kd2 Bc6 42. Ke3 e5 43. Kf2 f5 44. Kg1 Kg7 45. Kf2 Kf6 46. Kg1 Kg5 47. Kf2 Kf4 48. Bb5 Bxb5 0-1

[Event "*** Titled Tuesday Blitz"]
[Site "Chess.com"]
[Date "2018.12.04"]
[Round "7"]
[White "burbur555"]
[Black "RiskyDecision"]
[Result "1-0"]
[WhiteElo "2569"]
[BlackElo "2411"]
[TimeControl "180+2"]
[EndTime "14:38:22 PST"]
[Termination "burbur555 won by resignation"]

1. d4 Nf6 2. Nf3 d5 3. g3 c5 4.
Bg2 cxd4 5. O-O Bd7 6. b3 Nc6 7. Nxd4 e5 8. Nxc6 Bxc6 9. c4 dxc4 10. Bxc6+ bxc6 11. Qc2 Qd5 12. bxc4 Qe6 13. Bg5 Be7 14. Bxf6 Bxf6 15. Nd2 e4 16. Rab1 e3 17. Ne4 exf2+ 18. Kg2 Bd4 19. Rbd1 Be5 20. Ng5 Qg6 21. Qxg6 hxg6 22.
Rxf2 f6 23. Nf3 Bc7 24. e4 Rd8 25. Rb1 Bb6 26. Rc2 Bc5 27. Rb7 Rd7 28. Rcb2 Bb6 29. Rb8+ Rd8 30. Rxd8+ Kxd8 31. c5 Bc7 32. Rb7 Kc8 33.
Rxa7 Kb8 34. Ra4 Rd8 35. Rd4 Kb7 36. Rxd8 Bxd8 37. Nd4 Be7 38. Ne6 Ka6 39. h4 Kb5 40.
g4 Bxc5 41. Nxg7 Bd4 42. h5 gxh5 43. gxh5 f5 44. Nxf5 Be5 45. Kf3 Kb4 46. Ne3 c5 47. Ke2 c4 48. h6 c3 49. Kd3 Ka3 50. Nc4+ Kxa2 51. Nxe5 Kb3 52. Nf3 Kb2 53. Nd4 1-0

[Event "*** Titled Tuesday Blitz"]
[Site "Chess.com"]
[Date "2018.12.04"]
[Round "7"]
[White "severomorskij"]
[Black "Thjop"]
[Result "1-0"]
[WhiteElo "2757"]
[BlackElo "2675"]
[TimeControl "180+2"]
[EndTime "14:38:24 PST"]
[Termination "severomorskij won by resignation"]

1. d4 Nf6 2. c4 g6 3. Nc3 Bg7 4. e4 d6 5. Bd3 O-O 6. Nge2 e5 7. d5 a5 8. O-O Na6 9. Bg5 h6 10. Bh4 g5 11. Bg3 Nh5 12. a3 Bd7 13. Bc2 Nf4 14. f3 f5 15. exf5 Bxf5 16. Bxf5 Rxf5 17. Bf2 Rf8 18. Ng3 b6 19. Qc2 h5 20. Nge4 Bh6 21. Kh1 Qd7 22. Nb5 Rf7 23. b4 g4 24. Bh4 Raf8 25.
Rab1 axb4 26. axb4 Nxd5 27. Nbxd6 Ne3 28. Nxf7 Rxf7 29.
Qb3 Nxf1 30. Rxf1 Qd4 31. Rd1 Qe3 32. Qxe3 Bxe3 33. Rd3 Bh6 34. Nf6+ Kh8 35. Rd8+ Bf8 36. Nd7 Kg7 37. Nxe5 Rf5 38. Rd7+ Kg8 39. Bg3 gxf3 40.
gxf3 Nxb4 41. Ng6 Bd6 42. Bxd6 cxd6 43. Ne7+ Kf8 44. Nxf5 Ke8 45. Rxd6 1-0

[Event "*** Titled Tuesday Blitz"]
[Site "Chess.com"]
[Date "2018.12.04"]
[Round "7"]
[White "MatyChess1"]
[Black "arctic_t00"]
[Result "1-0"]
[WhiteElo "2524"]
[BlackElo "2389"]
[TimeControl "180+2"]
[EndTime "14:38:24 PST"]
[Termination "MatyChess1 won by resignation"]

1. e4 c5 2. Nf3 d6 3. Bc4 e6 4. O-O Nf6 5. Re1 Nc6 6. c3 Be7 7. Bb3 O-O 8. d4 cxd4 9. cxd4 d5 10. e5 Ne4 11. Bc2 Nb4 12. Bxe4 dxe4 13. Rxe4 b6 14. Rg4 Kh8 15. Nc3 Bb7 16. h4 Rc8 17. Bg5 f6 18. exf6 gxf6 19. Bh6 Rg8 20. Ne1 f5 21. Rxg8+ Qxg8 22. Qe2 Bf6 23. Bg5 Bxg5 24. hxg5 Nd5 25. Qe5+ Qg7 26.
Qxe6 Nxc3 27. bxc3 Rxc3 28. d5 Rc7 29. d6 Rc8 30. Rd1 Rd8 31. Qxf5 Bc8 32. Qf4 Kg8 33. Nf3 Rf8 34. Qc4+ Kh8 35. Qd4 Bb7 36. Qxg7+ Kxg7 37. d7 Rd8 38. Ne5 Kf8 39. f4 Ke7 40. Kf2 Ba6 41.
a4 Bb7 42. Ke3 Bxg2 43. Rd2 Bb7 44. Rh2 Kd6 45. Nf7+ Kxd7 46. Nxd8 Kxd8 47. Rxh7 1-0

[Event "*** Titled Tuesday Blitz"]
[Site "Chess.com"]
[Date "2018.12.04"]
[Round "7"]
[White "DSCC1"]
[Black "nurmiTV"]
[Result "0-1"]
[WhiteElo "2167"]
[BlackElo "2458"]
[TimeControl "180+2"]
[EndTime "14:38:27 PST"]
[Termination "nurmiTV won by resignation"]

1. Nf3 b6 2. g3 Bb7 3. Bg2 c5 4. O-O Nf6 5. c4 g6 6. b3 Bg7 7. Bb2 O-O 8. Nc3 d5 9. Nxd5 Nxd5 10.
Bxg7 Kxg7 11. cxd5 Bxd5 12. d4 Nd7 13. Rc1 Rc8 14.
dxc5 Nxc5 15. Qd4+ Kg8 16. b4 Ne6 17. Rxc8 Nxd4 18.
Rxd8 Nxe2+ 19. Kh1 Rxd8 20. Rd1 Rd6 21. Re1 Re6 22. Rd1 Rd6 23. Re1 Bxf3 24. Bxf3 Nd4 25.
Kg2 Kf8 26. Bd1 f6 27. h4 e5 28. h5 Nc6 29. hxg6 hxg6 30. a3 Kg7 31. Bf3 Nd4 32.
Rc1 Rd7 33. Bd1 f5 34. Ba4 Re7 35. Rc8 g5 36. Bc6 g4 37. b5 e4 38. Rd8 Nf3 39.
Rd1 Kf6 40. Rd6+ Ke5 41. Rd5+ Ke6 42. Rd1 Rh7 43. Rh1 Rxh1 44. Kxh1 Nd4 45. Be8 Nc2 46. a4 Ne1 47. Kg1 Nd3 48. Kf1 Nc5 49. Ke2 Nxa4 50. Ke3 Ke5 0-1